 Dungeon Crawl Stone Soup version 0.28-a0-677-g3278d6a771 (webtiles) character file.

Game seed: 2893672894152872959

3698 MacCMillion the Grappler (level 9, -6/79 (85) HPs)
             Began as a Troll Ice Elementalist on Oct 18, 2021.
             Was a Priest of Yredelemnul.
             Mangled by Maggie (18 damage)
             ... on level 7 of the Dungeon.
             The game lasted 00:20:57 (6615 turns).

MacCMillion the Grappler (Troll Ice Elementalist)   Turns: 6615, Time: 00:20:57

HP:   -6/79 (85)    AC: 11    Str: 18    XL:     9   Next: 91%
MP:   9/11          EV:  9    Int: 14    God:    Yredelemnul [***...]
Gold: 448           SH:  0    Dex: 10    Spells: 6/12 levels left

rFire   . . .      SeeInvis .     - Unarmed
rCold   . . .      Faith    .   (no shield)
rNeg    . . .      Spirit   .   a - +0 robe
rPois   .          Reflect  .   (helmet restricted)
rElec   .          Harm     .   F - +0 cloak
rCorr   .          Rampage  .   (gloves unavailable)
Will    .....                   (boots unavailable)
Stlth   +.........              (no amulet)
HPRegen 1.23/turn               (no ring)
MPRegen 0.12/turn               (no ring)

@: ice-armoured, mesmerised, drained
A: large, unfitting armour, claws 3, regeneration 1, shaggy fur 1, tough skin 1
a: Renounce Religion, Recall Undead Slaves, Injury Mirror, Animate Dead


You were on level 7 of the Dungeon.
You worshipped Yredelemnul.
Yredelemnul was most pleased with you.
You visited 1 branch of the dungeon, and saw 7 of its levels.
You also visited: Sewer.

You collected 448 gold pieces.

Inventory:

Hand Weapons
 p - a +2 mace of protection
 t - a +0 whip of freezing
 y - a +2 morningstar
Missiles
 s - 12 poisoned darts
Armour
 a - a +0 robe (worn)
 F - a +0 cloak (worn)
Magical Staves
 f - a staff of death
Jewellery
 i - an amulet of reflection
 G - an amulet of faith
Wands
 l - a wand of paralysis (10)
 E - a wand of iceblast (11)
 I - a wand of flame (9)
Scrolls
 d - 3 scrolls of identify {unknown}
 g - a scroll of vulnerability {unknown}
 h - 2 scrolls of enchant weapon
 k - 2 scrolls of teleportation {unknown}
 m - 2 scrolls of fear {unknown}
 q - 2 scrolls of enchant armour {unknown}
 r - 3 scrolls of fog {unknown}
 v - a scroll of blinking
 w - 2 scrolls of magic mapping
 x - 2 scrolls of immolation {unknown}
 C - a scroll of amnesia
 D - a scroll of noise {unknown}
Potions
 b - 3 potions of heal wounds {unknown}
 c - a potion of magic {unknown}
 e - a potion of invisibility {unknown}
 j - a potion of might {unknown}
 n - 2 potions of haste {unknown}
 o - 2 potions of curing
 u - a potion of flight {unknown}
 z - a potion of degeneration {unknown}
 A - a potion of mutation {unknown}
 B - 2 potions of resistance {unknown}
 H - a potion of berserk rage {unknown}


   Skills:
 + Level 4.5 Fighting
 - Level 1.5 Dodging
 - Level 1.0 Stealth
 + Level 9.0 Unarmed Combat
 - Level 2.0 Spellcasting
 + Level 7.6 Ice Magic


You had 6 spell levels left.
You knew the following spells:

 Your Spells              Type           Power      Damage    Failure   Level
b - Frozen Ramparts       Ice            44%        1d6       3%          3
c - Ozocubu's Armour      Ice            22%        N/A       3%          3

Your spell library contained the following spells:

 Spells                   Type           Power      Damage    Failure   Level
 Freeze                   Ice            88%        1d10      1%          1
 Apportation              Tloc           2%         N/A       24%         1
 Shock                    Conj/Air       4%         1d3       24%         1
 Scorch                   Fire           2%         2d5       34%         2
 Hailstorm                Conj/Ice       12%        3d5       45%         4
 Airstrike                Air            0%         N/A       93%         4
 Flame Wave               Conj/Fire      1%         3d3       93%         4
 Freezing Cloud           Conj/Ice/Air   4%         6-21      93%         5
 Alistair's Intoxication  Tmut/Pois      0%         N/A       100%        5
 Eringya's Noxious Bog    Tmut/Pois      0%         N/A       100%        6
 Invisibility             Hex            0%         N/A       100%        6
 Summon Cactus Giant      Summ           0%         N/A       100%        6


Dungeon Overview and Level Annotations

Branches:
Dungeon (7/15)             Temple (0/1) D:4           Sewer (visited)

Altars:
Ashenzari
Dithmenos
Fedhas
Gozag
Kikubaaqudgha
Qazlal
Yredelemnul

Shops:
D:2 ?   D:3 *

Annotations:
D:7 Maggie


Innate Abilities, Weirdness & Mutations

You are too large for most types of armour.
You have claws for hands.
Your natural rate of healing is unusually fast.
You are covered in fur. (AC +1)
You have tough skin. (AC +1)


Message History

Maggie hits you with a +2 scimitar of draining!
You feel drained.
* * * LOW HITPOINT WARNING * * *
Casting: Ozocubu's Armour (mildly dangerous; 3% risk of failure)
Confirm with . or Enter, or press ? or * to list all spells.
A film of ice covers your body! Maggie hits you but does no damage.
You feel drained.
You claw Maggie!
Maggie is moderately wounded.
Maggie barely misses you.
You barely miss Maggie.
Maggie is moderately wounded.
Maggie barely misses you.
You scratch Maggie.
Maggie is moderately wounded.
You scratch Maggie but do no damage.
Maggie is moderately wounded.
Maggie hits you with a +2 scimitar of draining!
* * * LOW HITPOINT WARNING * * *
You feel drained.
* * * LOW HITPOINT WARNING * * *
You claw Maggie!
Maggie is heavily wounded.
Maggie barely misses you.
You scratch Maggie.
Maggie is heavily wounded.
Maggie mumbles some strange words.
Maggie attempts to bespell you!
You are mesmerised by Maggie!
You claw Maggie!
Maggie is severely wounded.
Maggie casts a spell at you. The bolt of fire hits you!
* * * LOW HITPOINT WARNING * * *
The heat melts your icy armour.
You completely miss Maggie.
Maggie is severely wounded.
Maggie hits you with a +2 scimitar of draining!!
You die...
Your body rises from the dead as a mindless zombie.

#.......................##
#................######...
................## ###.
............## ##
.####........## #
##........### ##
##.....)#....### ##.
##......#####...###..
#..@@..## ###......
..........# ##.###.
##.......## ##z.#.†.
###.....# ###...#.#.
##....######.....#.._
#.............#####.
.....<......### #...
............## ####.
........### ##....


You could see Maggie (mesmerising).

Vanquished Creatures
  Pikel (D:4)
  4 yaks (D:6)
  Duvessa (D:4)
  An orc warrior (D:5)
  A sky beast (D:5)
  A necrophage (D:5)
  Purgy (Sewer)
  4 ogres
  3 phantoms
  4 lemures
  A bullfrog (D:7)
  A wyvern zombie (D:7)
  Dowan (D:4)
  A wyvern skeleton (D:6)
  10 wights
  2 howler monkeys (D:6)
  2 centaur zombies (D:6)
  5 bullfrog zombies
  3 orc priests
  A scorpion zombie (D:5)
  2 centaur skeletons
  4 iguanas
  3 orc wizards
  2 killer bee zombies
  5 mummies (D:6)
  3 gnolls (D:4)
  8 adders
  A river rat (D:4)
  A shadow imp (D:6)
  An ufetubus (D:6)
  An adder skeleton (D:4)
  A worm (D:4)
  2 dart slugs (D:2)
  14 orcs
  7 bats
  4 endoplasms
  8 giant cockroaches
  12 goblins
  6 hobgoblins
  4 jackals (D:5)
  12 ball pythons
  9 frilled lizards
  8 kobolds
  9 rats
175 creatures vanquished.

Vanquished Creatures (collateral kills)
  A hound (D:7)
  A human zombie (D:6)
2 creatures vanquished.

Vanquished Creatures (others)
  A wight (D:7)
1 creature vanquished.

Grand Total: 178 creatures vanquished

Notes
Turn   | Place    | Note
-------+----------+-------------------------------------------
     0 | D:1      | MacCMillion the Troll Ice Elementalist began the quest for
                  | the Orb.
     0 | D:1      | Reached XP level 1. HP: 16/16 MP: 1/1
    56 | D:1      | Reached skill level 1 in Unarmed Combat
    77 | D:1      | Reached XP level 2. HP: 24/24 MP: 2/2
   971 | D:2      | Found a basalt altar of Yredelemnul.
   980 | D:1      | Reached XP level 3. HP: 28/31 MP: 3/3
  1000 | D:2      | Became a worshipper of Yredelemnul the Dark
  1049 | D:2      | Found Tedac's Magic Scroll Shop.
  1069 | D:2      | Reached skill level 2 in Unarmed Combat
  1220 | D:2      | Found a faded altar of an unknown god.
  1623 | D:3      | Found Unotirep's Assorted Antiques.
  1696 | D:3      | Reached XP level 4. HP: 35/39 MP: 4/4
  1706 | D:3      | Learned a level 3 spell: Frozen Ramparts
  1815 | D:3      | Found an ancient bone altar of Kikubaaqudgha.
  2174 | D:4      | Noticed an ogre
  2226 | D:4      | Killed an ogre
  2227 | D:4      | Reached skill level 3 in Unarmed Combat
  2227 | D:4      | Reached XP level 5. HP: 45/45 MP: 1/5
  2234 | D:4      | Learned a level 3 spell: Ozocubu's Armour
  2276 | D:4      | Noticed Pikel
  2276 | D:4      | Noticed a lemure
  2276 | D:4      | Noticed a lemure
  2315 | D:4      | Killed a lemure
  2323 | D:4      | Killed a lemure
  2398 | D:4      | Found a staircase to the Ecumenical Temple.
  2581 | D:4      | Reached * piety under Yredelemnul
  2589 | D:4      | Noticed a lemure
  2590 | D:4      | Noticed a lemure
  2623 | D:3      | Killed a lemure
  2723 | D:4      | Found a glowing drain.
  2752 | Sewer    | Entered a sewer
  2786 | Sewer    | Noticed Purgy
  2815 | Sewer    | Killed Purgy
  2816 | Sewer    | Reached skill level 4 in Unarmed Combat
  2816 | Sewer    | Reached XP level 6. HP: 42/53 MP: 3/7
  3047 | D:4      | Killed Pikel
  3048 | D:4      | Reached skill level 5 in Unarmed Combat
  3048 | D:4      | Reached skill level 5 in Ice Magic
  3048 | D:4      | Reached XP level 7. HP: 51/59 MP: 2/9
  3262 | D:4      | Reached ** piety under Yredelemnul
  3303 | D:4      | Noticed Dowan
  3304 | D:4      | Noticed Duvessa
  3312 | D:4      | Killed Duvessa
  3313 | D:4      | Reached skill level 6 in Unarmed Combat
  3321 | D:5      | Entered Level 5 of the Dungeon
  3364 | D:4      | Killed Dowan
  3365 | D:4      | Reached XP level 8. HP: 67/67 MP: 6/10
  3619 | D:5      | Found a blossoming altar of Fedhas.
  3704 | D:5      | Reached skill level 7 in Unarmed Combat
  3833 | D:5      | Reached skill level 1 in Fighting
  3898 | D:5      | Found a broken altar of Ashenzari.
  4143 | D:4      | Got Kathoeb's Volume of Venomous Feathers
  4679 | D:6      | Found a shadowy altar of Dithmenos.
  4825 | D:5      | Reached XP level 9. HP: 71/80 MP: 8/11
  4866 | D:6      | Reached *** piety under Yredelemnul
  5067 | D:6      | Reached skill level 8 in Unarmed Combat
  5292 | D:6      | Received a gift from Yredelemnul (a wight)
  5803 | D:6      | Found a basalt altar of Yredelemnul.
  6017 | D:7      | Found a stormy altar of Qazlal.
  6205 | D:7      | Found an opulent altar of Gozag.
  6215 | D:7      | Reached skill level 9 in Unarmed Combat
  6602 | D:7      | Noticed Maggie
  6615 | D:7      | Mangled by Maggie

Illustrated notes

Levels and vault maps discovered:
D:1:      lightli_arrival_statuegarden, layout_basic, minmay_misc_feat_square
D:2:      layout_basic, basic_altar, basic_ecumenical_altar, serial_shops, shop,
          minmay_tetromino_i2
D:3:      layout_basic, nicolae_kikubaaqudgha_miasma_corner, serial_shops,
          nicolae_lakefront_shop, minivault_24
D:4:      layout_basic, minmay_temple_entry_poolview, portal_sewer_entry_b,
          minmay_cupped, uniq_duvessa, uniq_pikel
D:5:      layout_rooms, old_standard_altar, fedhas_altar_fruit_tree
D:6:      layout_loops_ring, lemuel_mausoleum_altar_yredelemnul,
          nicolae_dithmenos_through_a_glass_darkly, hangedman_decor_points,
          hangedman_decor_opposing, nrook_loot_triangle
D:7:      layout_layer_cave, nicolae_gozag_cash_rules_everything_around_me,
          nicolae_qazlal_general_emergency, ebering_ghost_disaster_area,
          uniq_crazy_yiuf_cottage, uniq_maggie

Skill      XL: |  1  2  3  4  5  6  7  8  9 |
---------------+----------------------------+-----
Ice Magic      | 3 4 5 6 7 |  7.6
Unarmed Combat | 1 2 3 4 5 6 7 9 |  9.0
Spellcasting   | 2 |  2.0
Fighting       | 2 4 |  4.5
Dodging        | |  1.5
Stealth        | |  1.0

Action                   |  1- 3 |  4- 6 |  7- 9 || total
-------------------------+-------+-------+-------++-------
Melee: Unarmed           |   130 |   118 |   363 ||   611
       Punch             |       |       |    12 ||    12
 Cast: Frozen Ramparts   |       |     4 |     6 ||    10
       Ozocubu's Armour  |       |     3 |    12 ||    15
  Use: Scroll            |       |     3 |     1 ||     4
       Potion            |       |       |     1 ||     1
 Stab: Sleeping          |     3 |       |     1 ||     4
Armor: Robe              |    45 |    51 |   108 ||   204
Dodge: Dodged            |    56 |    64 |   135 ||   255

Table legend: (Time is in decaauts)
 A = Elapsed time spent in this place.
 B = Non-inter-level travel time spent in this place.
 C = Inter-level travel time spent in this place.
 D = Time resting spent in this place.
 E = Time spent auto-exploring this place.
 F = Levels seen in this place.
 G = Mean time per level.
                   A        B        C        D        E       F      G
               +--------+--------+--------+--------+--------+-----+--------+
         Total |   6618 |   6451 |    167 |    239 |   4586 |   8 |  827.2 |
       Dungeon |   6304 |   6137 |    167 |    239 |   4356 |   7 |  900.6 |
         Sewer |    314 |    314 |      0 |      0 |    230 |   1 |  314.0 |
               +--------+--------+--------+--------+--------+-----+--------+

Top non-repeatable levels by time:
     D:4: 1250 daAuts
     D:6: 1108 daAuts
     D:5: 1053 daAuts
     D:1: 978 daAuts
     D:3: 684 daAuts
     D:7: 656 daAuts
     D:2: 573 daAuts
   Sewer: 314 daAuts
